 Dungeon Crawl Stone Soup version 0.19-a0-1714-gcab94ab (webtiles) character file.

41 teurkeur the Cudgeler (level 3, -6/31 HPs)
             Began as a Minotaur Berserker on Sept 28, 2016.
             Was a Believer of Trog.
             Killed from afar by Ijyb (17 damage)
             ... with a wand of lightning
             ... on level 2 of the Dungeon.
             The game lasted 00:08:46 (641 turns).

teurkeur the Cudgeler (Minotaur Berserker)           Turns: 641, Time: 00:08:47

Health: -6/31      AC:  4    Str: 21    XL:     3   Next: 32%
Magic:  2/2        EV: 12    Int:  4    God:    Trog [**....]
Gold:   0          SH:  0    Dex: 10    Spells: 0 memorised, 2 levels left

rFire  . . .     SeeInvis .     a - +0 mace
rCold  . . .     Gourm    .     m - +0 leather armour
rNeg   . . .     Faith    .     (no shield)
rPois  .         Spirit   .     (helmet restricted)
rElec  .         Dismiss  .     (no cloak)
rCorr  .         Reflect  .     (no gloves)
MR     .....     Harm     .     (no boots)
Stlth  +.........               (no amulet)
                                (no ring)
                                (no ring)

@: no status effects
A: retaliatory headbutt, horns 2
a: Berserk, Trog's Hand, Burn Spellbooks, Renounce Religion


You were on level 2 of the Dungeon.
You worshipped Trog.
Trog was pleased with you.
You were not hungry.

You visited 1 branch of the dungeon, and saw 2 of its levels.

Inventory:

Hand Weapons
 a - a +0 mace (weapon)
 e - a +0 hunting sling
 g - a +0 club
 i - a +0 club
 k - a +0 dagger
 l - a +0 club
 n - a +0 club
 o - a +0 club
 q - a +0 club
 r - a +0 whip
 u - a +0 club
 v - a cursed -2 club
Armour
 b - a +0 animal skin
 d - a +0 leather armour
 m - a +0 leather armour (worn)
Scrolls
 j - a scroll of identify {unknown}
Potions
 f - a potion of lignification {unknown}
 h - 2 potions of might {unknown}
 p - a potion of cure mutation {unknown}
 t - a potion of flight {unknown}
Comestibles
 c - a bread ration
 s - 3 chunks of flesh


   Skills:
 - Level 3.6 Fighting
 + Level 5.3 Maces & Flails
 - Level 2.4 Armour
 - Level 2.1 Dodging


You had 2 spell levels left.
You didn't know any spells.

Dungeon Overview and Level Annotations

Branches:
Dungeon (2/15)

Altars:
Uskayaw

Annotations:
D:2 Ijyb


Innate Abilities, Weirdness & Mutations

You reflexively headbutt those who attack you in melee.
You have a pair of horns on your head.


Message History

Things that are here:
a club; a dagger
v - a club
Found an escape hatch in the floor.
Found a stone staircase leading down.
Found a pair of gloves.
Found a scroll labeled ELATUI JUTOJO.
Ijyb the Twisted Goblin comes into view.
Ijyb shouts!
That item cannot be evoked!
Ijyb screams, "Me kill you!"
Found a hide-covered altar of Uskayaw.
Press: ? - help, v - describe, . - travel A hide-covered altar of Uskayaw.
Ijyb zaps a wand.
The bolt of lightning hits you!
Ouch! That really hurt!
It is a wand of lightning.
Ijyb zaps a wand.
The bolt of lightning hits you!
Ouch! That really hurt!
You die...

.#.........#
_..........#
.#.....[...##
............####
#.....>.........
#..?........#
#....g......#
#...........#
#........@..#
######+####.#
########.####.#
#.............########
#..................>..
#.............########
#.............#
#.............#
#.............#


You could see Ijyb.

Vanquished Creatures
  A worm (D:1)
  2 dart slugs (D:1)
  A leopard gecko (D:1)
  3 bats (D:1)
  2 giant cockroaches (D:1)
  6 hobgoblins
  4 jackals (D:1)
  A frilled lizard (D:1)
  3 goblins (D:1)
  5 kobolds (D:1)
  2 rats
30 creatures vanquished.

Notes
Turn   | Place    | Note
-------+----------+-------------------------------------------
     0 | D:1      | teurkeur the Minotaur Berserker began the quest for the Orb.
     0 | D:1      | Reached XP level 1. HP: 19/19 MP: 0/0
    44 | D:1      | Reached skill level 4 in Maces & Flails
    70 | D:1      | Reached XP level 2. HP: 26/26 MP: 1/1
   217 | D:1      | Reached skill level 5 in Maces & Flails
   270 | D:1      | Reached XP level 3. HP: 16/31 MP: 2/2
   351 | D:1      | Reached ** piety under Trog
   637 | D:2      | Noticed Ijyb
   639 | D:2      | Found a hide-covered altar of Uskayaw.
   641 | D:2      | Killed from afar by Ijyb

Vault maps used:
D:1:      mrwooster_arrival_statue_2
D:2:      lemuel_round_altar, lemuel_crystal_altar, uniq_iyjb

Skill      XL: |  1  2 |
---------------+-------+-----
Maces & Flails | 4 5 |  5.3
Fighting       | |  3.6
Armour         | |  2.4
Dodging        | |  2.1

Action                   || total
-------------------------++-------
Melee: Mace              ||    53
       Headbutt          ||    10
Armor: Leather armour    ||    21
Dodge: Dodged            ||    24
